Map: Ephemeron LE

Players

DPGPartinG (PartinG) - Winner!

  • Race: Protoss Protoss
  • Spawn Location: 5:00

HeroMarine

  • Race: Terran Terran
  • League: Master
  • Spawn Location: 11:00

Event: HomeStory Cup XX

VOD

Have the link to the VOD?

Description

Time

  • Played on: Nov. 21, 2019, 2:21 p.m.
  • Length: 14:53

All games in this series

Show
View Real Time Build Order
Export as new Build Order

DPGPartinG Protoss - Winner!

Build Orders: 1 Gate Expand, Blink Stalkers 

Get SALT Encoding   

  12  0:00  Probe  
  13  0:12  Probe  
  14  0:17  Pylon  
  14  0:24  Probe  
  15  0:32  Probe  
  15  0:37  Gateway  
  15  0:40  Probe  
  16  0:46  Assimilator  
  17  0:51  Probe  
  18  1:03  Probe  
  19  1:15  Probe  
  20  1:24  Cybernetics Core  
  20  1:34  Nexus  
  20  1:41  Pylon  
  20  1:44  Probe  
  21  1:50  Assimilator, Adept  
  21  1:56  Probe  
  24  2:02  Warp Gate  
  24  2:08  Probe  
  25  2:10  Stalker  
  25  2:20  Probe  
  28  2:30  Twilight Council  
  28  2:32  Probe  
  29  2:38  Blink  
  29  2:40  Stalker  
  29  2:43  Probe  
  31  2:47  Probe  
  33  2:52  Probe  
  34  2:59  Probe  
  34  3:01  Probe  
  36  3:12  Probe  
  37  3:13  Probe  
  40  3:24  Probe  
  40  3:25  Probe  
  42  3:28  Pylon  
  42  3:33  Robotics Facility  
  42  3:34  Gateway  
  40  3:36  Probe  
  40  3:37  Probe  
  42  3:48  Probe  
  43  3:50  Probe  
  43  3:55  Nexus  
  44  4:01  Pylon  
  45  4:02  Probe  
  45  4:03  Probe  
  45  4:06  Stalker  
  48  4:14  Assimilator  
  48  4:15  Probe x2  
  50  4:20  Observer  
  50  4:24  Pylon  
  51  4:27  Stalker, Probe x2  
  51  4:29  Pylon  
  55  4:31  Stalker  
  57  4:39  Charge  
  57  4:40  Forge  
  57  4:44  Observer  
  58  4:47  Probe x2  
  58  4:50  Stalker  
  62  4:53  Pylon  
  62  4:56  Protoss Ground Weapons Level 1  
  62  4:57  Stalker  
  64  5:04  Probe  
  64  5:05  Observer, Probe  
  67  5:09  Probe  
  68  5:18  Probe x2  
  68  5:19  Gateway x2  
  68  5:21  Probe  
  71  5:22  Warp Prism, Gateway  
  71  5:28  Gateway  
  73  5:37  Sentry  
  73  5:38  Sentry  
  73  5:42  Pylon  
  77  5:44  Pylon  
  76  5:50  Immortal  
  76  5:51  Gateway  
  76  5:52  Probe x2, Gateway  
  76  5:53  Probe  
  79  6:02  Stalker  
  85  6:05  Probe x2  
  85  6:06  Probe  
  88  6:25  Stalker  
  90  6:27  Zealot x5  
  90  6:31  Immortal  
  100  6:47  Zealot x8  
  102  7:00  Protoss Ground Armor Level 1  
  102  7:01  Probe x3  
  97  7:04  Pylon  
  97  7:07  Immortal  
  97  7:08  Zealot x4  
  103  7:09  Zealot  
  103  7:12  Sentry x2  
  115  7:20  Zealot  
  115  7:30  Templar Archives  
  115  7:31  Probe  
  115  7:32  Assimilator, Zealot x3  
  115  7:35  Pylon  
  122  7:39  Shield Battery  
  122  7:41  Shield Battery  
  122  7:42  Shield Battery  
  122  7:46  Probe x2  
  122  7:48  Shield Battery  
  124  7:56  Zealot x3  
  124  7:57  Zealot  
  132  8:01  Psionic Storm  
  128  8:14  Nexus  
  128  8:15  High Templar  
  128  8:16  Zealot  
  128  8:18  Pylon  
  128  8:19  Pylon  
  132  8:20  Pylon  
  132  8:22  Pylon  
  132  8:23  Pylon x2  
  132  8:25  Pylon  
  130  8:41  High Templar  
  130  8:42  High Templar  
  130  8:44  Zealot x4  
  130  8:45  Zealot  
  142  8:52  Probe x3  
  142  8:53  High Templar  
  147  8:58  Gateway x2  
  147  9:01  Observer  
  148  9:07  Zealot x4  
  156  9:10  Pylon, High Templar  
  156  9:12  Pylon  
  156  9:16  Protoss Ground Armor Level 2  
  149  9:33  Zealot x3  
  149  9:34  Zealot x4  
  161  9:42  Robotics Bay, Forge  
  155  9:49  Zealot  
  155  9:55  Zealot x7  
  155  9:56  Zealot x2  
  131  10:14  Protoss Ground Weapons Level 2  
  123  10:16  Colossus  
  123  10:19  Zealot x5  
  123  10:20  Zealot x2  
  123  10:21  Zealot x3  
  106  10:37  Observer  
  98  10:45  High Templar x2  
  98  10:46  Zealot x8  
  114  11:02  Colossus  
  114  11:05  Extended Thermal Lance  
  114  11:07  Zealot x8  
  136  11:18  Stalker  
  136  11:21  Stalker  
  140  11:25  Photon Cannon  
  140  11:26  Protoss Ground Armor Level 3  
  140  11:27  Photon Cannon  
  140  11:30  Photon Cannon  
  140  11:32  Photon Cannon  
  130  11:44  Zealot x8  
  142  11:48  Assimilator  
  142  11:50  Probe x2  
  142  11:52  Assimilator  
  144  11:57  High Templar  
  146  12:03  Sentry  
  146  12:04  Zealot x3  
  146  12:05  Zealot  
  142  12:18  Zealot x4  
  150  12:26  Zealot x4  
  150  12:28  Warp Prism  
  142  12:36  Zealot x2  
  140  12:40  Stalker x2  
  144  12:47  High Templar  
  144  12:48  Zealot x3  
  152  12:58  Assimilator  
  152  13:00  Stalker x3  
  152  13:02  Observer  
  158  13:07  Stalker  
  158  13:12  Zealot x3  
  164  13:14  High Templar  
  164  13:18  Probe  
  168  13:26  Probe, Nexus  
  170  13:47  Observer, Zealot x6  
  170  13:48  Gravitic Drive, Zealot x2  
  187  13:49  High Templar  
  187  13:50  High Templar  
  191  14:17  Zealot  
  185  14:29  Pylon  
  185  14:30  Zealot x4  
  185  14:31  Zealot x5  
Show
View Real Time Build Order
Export as new Build Order

HeroMarine Terran 

Build Orders: Reaper Expand 

Get SALT Encoding   

  12  0:00  SCV  
  13  0:12  SCV  
  14  0:17  Supply Depot  
  14  0:25  SCV  
  15  0:38  SCV  
  15  0:39  Barracks  
  16  0:43  Refinery  
  16  0:50  SCV  
  17  1:03  SCV  
  18  1:15  SCV  
  19  1:26  Reaper  
  19  1:28  Orbital Command  
  20  1:46  Command Center  
  20  1:51  Supply Depot  
  20  1:54  SCV  
  20  1:59  Marine  
  22  2:07  SCV  
  23  2:16  Bunker  
  23  2:19  SCV  
  25  2:24  Factory  
  25  2:30  Barracks Reactor  
  25  2:31  SCV  
  25  2:34  Refinery  
  25  2:43  SCV  
  26  2:55  SCV  
  27  3:02  Orbital Command  
  27  3:06  Marine x2  
  27  3:07  SCV  
  27  3:08  Widow Mine, Starport  
  32  3:19  SCV  
  33  3:24  Marine x2  
  35  3:29  Widow Mine, SCV  
  35  3:31  SCV  
  39  3:36  Supply Depot  
  39  3:41  SCV  
  39  3:42  Marine x2  
  39  3:43  SCV  
  39  3:46  Medivac  
  45  3:53  SCV  
  46  3:58  Widow Mine, Supply Depot, SCV  
  46  4:00  Marine x2  
  46  4:01  Barracks  
  51  4:05  SCV  
  52  4:10  SCV  
  52  4:13  Barracks  
  53  4:17  Marine  
  53  4:18  Starport Tech Lab  
  53  4:19  Marine  
  53  4:20  SCV  
  53  4:22  SCV  
  53  4:23  Supply Depot  
  57  4:26  Engineering Bay  
  57  4:31  Refinery  
  57  4:32  Factory Tech Lab, SCV  
  57  4:34  SCV  
  57  4:35  Marine  
  57  4:37  Marine  
  61  4:43  Supply Depot  
  61  4:44  SCV  
  62  4:46  SCV  
  62  4:51  Terran Infantry Weapons Level 1  
  63  4:53  Marine  
  63  4:54  Stimpack  
  63  4:55  Marine  
  63  4:57  Marauder  
  63  4:59  SCV x2  
  69  5:03  Starport Reactor, Factory Reactor  
  69  5:07  Combat Shield  
  69  5:08  Marauder  
  71  5:15  Factory Reactor  
  71  5:17  Supply Depot  
  71  5:18  Marauder  
  73  5:21  Marine x2  
  73  5:25  SCV x2  
  77  5:31  Refinery, Supply Depot  
  77  5:39  Marauder, Marine x2, Supply Depot  
  77  5:40  Marauder  
  83  5:44  Medivac  
  83  5:49  Supply Depot  
  85  5:52  Medivac  
  85  5:53  Widow Mine x2, Supply Depot  
  91  5:58  Supply Depot  
  91  6:00  Marine x2  
  91  6:01  Marauder x2  
  91  6:03  SCV  
  91  6:04  SCV  
  99  6:15  Widow Mine  
  99  6:16  Widow Mine  
  102  6:18  Marine  
  102  6:19  Marine  
  102  6:21  Medivac  
  102  6:23  Marauder x2  
  106  6:31  SCV  
  106  6:32  SCV  
  107  6:43  Marine x2  
  107  6:44  Marauder x2  
  113  6:50  SCV  
  113  6:51  SCV  
  95  7:03  Marine x2, Command Center, Concussive Shells  
  95  7:04  Widow Mine  
  95  7:06  Marauder x2, Medivac  
  103  7:08  Medivac  
  103  7:12  Terran Infantry Armor Level 1  
  105  7:20  Command Center  
  105  7:22  Widow Mine  
  106  7:25  Widow Mine  
  106  7:28  Marauder x2  
  112  7:30  Marine x2  
  112  7:34  SCV x2  
  113  7:45  Widow Mine, Medivac x2  
  113  7:47  Widow Mine  
  113  7:49  SCV x2  
  123  7:56  Marauder  
  125  7:59  Missile Turret  
  125  8:00  Marine  
  125  8:03  Marauder  
  116  8:10  Widow Mine x2  
  120  8:14  Barracks  
  120  8:15  Barracks  
  120  8:17  Ghost Academy  
  120  8:19  Marauder  
  122  8:20  Marine  
  122  8:21  Marine  
  122  8:23  SCV  
  122  8:24  SCV  
  126  8:32  Marauder  
  126  8:33  Widow Mine x2  
  132  8:36  Viking  
  132  8:40  Marauder  
  136  8:41  Viking  
  136  8:45  SCV x2  
  140  8:50  Marine  
  140  8:55  Marine, Marauder  
  144  8:57  Supply Depot  
  144  9:07  Orbital Command  
  144  9:08  Barracks Tech Lab, Barracks Reactor  
  144  9:09  Marine  
  145  9:12  Ghost  
  145  9:13  Marine  
  145  9:16  Enhanced Shockwaves  
  148  9:18  Ghost  
  150  9:27  Widow Mine x2  
  150  9:28  Ghost  
  150  9:29  Marine  
  150  9:30  Marine  
  152  9:41  Marine  
  152  9:45  Medivac x2  
  151  9:46  Marine x2  
  151  9:47  Marine  
  151  9:48  Widow Mine  
  151  9:51  Marine  
  157  9:59  Marine  
  156  10:00  Marine  
  156  10:01  Marauder, Widow Mine  
  156  10:05  Marauder  
  145  10:07  Orbital Command  
  145  10:10  Widow Mine  
  131  10:17  Marine x2  
  131  10:18  Marauder, Medivac  
  131  10:19  Medivac  
  131  10:20  SCV  
  131  10:21  SCV  
  123  10:22  Widow Mine  
  123  10:23  Marauder, Marine  
  123  10:24  Marine  
  123  10:26  Marauder  
  122  10:33  SCV x2  
  122  10:34  Marine  
  114  10:36  Marine  
  114  10:37  Widow Mine  
  114  10:41  SCV  
  113  10:45  SCV x2  
  113  10:48  Marauder  
  113  10:49  Marauder x2, Marine  
  122  10:51  Marine  
  122  10:54  Widow Mine  
  125  11:00  Marine x2  
  125  11:07  Marine  
  125  11:09  Widow Mine, Ghost x2  
  134  11:16  Widow Mine  
  134  11:17  Marauder  
  140  11:19  Viking  
  140  11:20  Viking  
  140  11:21  SCV x2  
  140  11:23  SCV  
  140  11:25  Marine x2  
  142  11:26  Marine  
  142  11:27  Marine  
  142  11:30  Starport  
  146  11:33  SCV  
  146  11:34  SCV  
  146  11:38  Marauder  
  145  11:42  Marine, Marauder  
  148  11:53  Viking x2  
  152  11:55  Marine x4  
  152  11:57  Refinery  
  152  11:59  Refinery  
  156  12:12  Ghost  
  156  12:13  Ghost  
  155  12:19  Marine x2  
  155  12:21  Ghost  
  132  12:32  Marine x2  
  132  12:35  Viking x2  
  132  12:37  Marine x2  
  132  12:42  Marauder  
  139  12:45  Marauder  
  139  12:49  Marine  
  139  12:50  Marine  
  139  12:51  Marauder, Supply Depot  
  140  12:55  Viking x2  
  140  12:57  Marine x2  
  146  13:02  Ghost  
  146  13:05  Viking  
  150  13:06  Marine  
  150  13:07  Viking  
  150  13:08  Marine  
  150  13:09  Marine  
  155  13:14  Ghost  
  157  13:21  Supply Depot x2  
  157  13:23  Marine x2, Ghost  
  161  13:27  Viking  
  161  13:30  Viking  
  161  13:33  Ghost  
  158  13:41  Marine  
  158  13:42  Marine x2, Ghost  
  158  13:44  Marine  
  158  13:47  Viking  
  153  13:52  Widow Mine, Marine, Viking  
  158  13:59  Marine x3, Viking  
  163  14:06  Viking  
  163  14:08  Marauder, Marine  
  166  14:10  Marine  
  166  14:14  Marauder  
  169  14:17  Viking  
  169  14:22  Marine x2, Viking  
  175  14:30  Widow Mine  
  178  14:31  Marauder  
Tags
 
Add a new tag
Caveats
  • Supply blocks, unpowered buildings, or Contaminate may cause inaccurate times.
  • Supply counts are checked every 10 seconds.